 Dungeon Crawl Stone Soup version 0.28.0-1-gb440e238dd (webtiles) character file.

Game seed: 4661604840870872710

23254 spaghetti the Covert (level 13, -8/95 HPs)
             Began as an Octopode Delver on Feb 19, 2022.
             Was a High Priest of Okawaru.
             Mangled by a harpy simulacrum (13 damage)
             ... in an ice cave.
             The game lasted 00:40:33 (18586 turns).

spaghetti the Covert (Octopode Delver)             Turns: 18586, Time: 00:40:35

Health: -8/95      AC:  5    Str: 10    XL:     13   Next: 5%
Magic:  19/19      EV: 24    Int: 19    God:    Okawaru [*****.]
Gold:   603        SH:  4    Dex: 17    Spells: 12/12 levels left

rFire   . . .      SeeInvis .   z - +1 dagger (distort)
rCold   . . .      Faith    .   w - +0 buckler
rNeg    . . .      Spirit   .   (helmet restricted)
rPois   .          Reflect  .   (no amulet)
rElec   .          Harm     .   d - +4 ring of protection
rCorr   +          Rampage  .   j - +4 ring of evasion
Will    +....                   n - ring of resist corrosion
Stlth   ++++++++..              x - +6 ring of intelligence
HPRegen 0.25/turn               a - ring of willpower
MPRegen 0.16/turn               (no ring)
                                (no ring)
                                (no ring)

@: no status effects
A: almost no armour, amphibious, 8 rings, camouflage 1, gelatinous body 1,
nimble swimmer 1, tentacles, weak 1, wild magic 1, MP-powered wands
a: Renounce Religion, Heroism, Finesse, Duel


You were in an ice cave.
You worshipped Okawaru.
Okawaru was extremely pleased with you.
You visited 3 branches of the dungeon, and saw 14 of its levels.
You also visited: Ice Cave.

You collected 604 gold pieces.
You spent 1 gold pieces at shops.

Inventory:

Hand Weapons
 b - a -2 triple crossbow
 h - a +3 bardiche of chaos
 z - a +1 dagger of distortion (weapon)
Missiles
 l - a throwing net
 o - 13 poisoned darts (quivered)
 p - 6 boomerangs of dispersal
 y - 8 curare-tipped darts
 A - 2 atropa-tipped darts
 B - 6 datura-tipped darts
 C - 4 silver javelins
Armour
 w - a +0 buckler (worn)
Magical Staves
 E - a staff of cold
Jewellery
 a - a ring of willpower (on tentacle)
 d - a +4 ring of protection (left tentacle)
 g - an amulet of the acrobat
 j - a +4 ring of evasion (right tentacle)
 n - a ring of resist corrosion (on tentacle)
 x - a +6 ring of intelligence (on tentacle)
Wands
 e - a wand of iceblast (1)
 f - a wand of digging (12)
 G - a wand of polymorph (7)
Scrolls
 c - 3 scrolls of magic mapping
 i - 3 scrolls of fog
 m - a scroll of identify
 q - 3 scrolls of holy word
 t - a scroll of teleportation
 D - a scroll of noise
 F - a scroll of enchant weapon
 J - a scroll of vulnerability
Potions
 k - a potion of curing
 r - a potion of ambrosia
 s - a potion of resistance
 u - 3 potions of degeneration
 v - a potion of attraction {unknown}
 H - a potion of brilliance {unknown}
 I - a potion of flight {unknown}


   Skills:
 + Level 11.4 Fighting
 - Level 2.0 Long Blades
 - Level 8.0 Throwing
 + Level 12.1 Dodging
 - Level 14.0 Stealth
 - Level 9.0 Invocations


You had 12 spell levels left.
You didn't know any spells.
Your spell library contained the following spells:

 Spells                   Type           Power      Damage    Failure   Level
 Gell's Gravitas          Tloc           0%         N/A       71%         3
 Teleport Other           Tloc           0%         N/A       71%         3
 Anguish                  Hex/Necr       0%         N/A       97%         4
 Hailstorm                Conj/Ice       0%         3d3       97%         4
 Ice Form                 Ice/Tmut       0%         N/A       97%         4
 Borgnjor's Vile Clutch   Necr/Erth      0%         N/A       100%        5
 Freezing Cloud           Conj/Ice/Air   0%         6-21      100%        5
 Dispersal                Tloc           0%         N/A       100%        6
 Enfeeble                 Hex            0%         N/A       100%        7
 Borgnjor's Revivificati  Necr           0%         N/A       100%        8
 Necromutation            Tmut/Necr      0%         N/A       100%        8
 Death's Door             Necr           0%         N/A       100%        9
 Polar Vortex             Ice            0%         N/A       100%        9
 Tukima's Dance           Hex            Unusable   N/A       N/A         3
 Animate Dead             Necr           Unusable   N/A       N/A         4
 Death Channel            Necr           Unusable   N/A       N/A         6
 Simulacrum               Ice/Necr       Unusable   N/A       N/A         6

Dungeon Overview and Level Annotations

Branches:
Dungeon (10/15)            Temple (1/1) D:6            Lair (4/6) D:8
 Shoals (0/4) Lair:3        Snake (0/4) Lair:2        IceCv (1/1)
    Orc: D:9-12

Altars:
Ashenzari
Cheibriados
Dithmenos
Elyvilon
Fedhas
Gozag
Hepliaklqana
Kikubaaqudgha
Makhleb
Nemelex Xobeh
Okawaru
Qazlal
Ru
Sif Muna
Trog
Uskayaw
Vehumet
Wu Jian
Xom
Zin
The Shining One

Shops:
D:5 *

Annotations:
D:6 Kobald Brigand
Lair:1 exclusion: 4 electric eels
Abyss:1 Erica, Joseph


Innate Abilities, Weirdness & Mutations

You cannot wear most types of armour.
You are amphibious.
You can wear up to eight rings at the same time.
Your skin changes colour to match your surroundings (Stealth+).
Your rubbery body absorbs attacks. (AC +1, EV +1)
You are camouflaged when in or above water. (Stealth+)
You have tentacles for arms and can constrict up to eight enemies at once.
You are weak. (Str -2)
Your spells are a little harder to cast, but a little more powerful.
You expend magic power (3 MP) to strengthen your wands.


Message History

The poisoned dart hits the naga simulacrum!
You hit the two-headed ogre simulacrum.
Space warps around the two-headed ogre simulacrum.
The two-headed ogre simulacrum is severely damaged.
The two-headed ogre simulacrum hits you.
The two-headed ogre simulacrum freezes you!!
The two-headed ogre simulacrum barely misses you.
You hit the two-headed ogre simulacrum.
Space warps horribly around the two-headed ogre simulacrum!
The two-headed ogre simulacrum vaporises!
Okawaru accepts your kill. The harpy simulacrum claws you.
The harpy simulacrum freezes you!!
The harpy simulacrum closely misses you.
The harpy simulacrum barely misses you. x2
You hit the harpy simulacrum. You grab the harpy simulacrum.
The harpy simulacrum is lightly damaged.
The harpy simulacrum blinks free!
You hit the harpy simulacrum. You grab the harpy simulacrum.
The harpy simulacrum is moderately damaged.
The harpy simulacrum struggles to blink free from constriction.
You constrict the harpy simulacrum.
The harpy simulacrum completely misses you.
The harpy simulacrum closely misses you.
The harpy simulacrum claws you. The harpy simulacrum freezes you!
The harpy simulacrum completely misses you.
The harpy simulacrum claws you.
* * * LOW HITPOINT WARNING * * *
The harpy simulacrum freezes you!
* * * LOW HITPOINT WARNING * * *
The harpy simulacrum misses you.
You release your grip on the harpy simulacrum.
The harpy simulacrum claws you but does no damage.
The harpy simulacrum closely misses you.
You block the harpy simulacrum's attack.
The harpy simulacrum completely misses you.
You block the harpy simulacrum's attack.
The harpy simulacrum claws you.
* * * LOW HITPOINT WARNING * * *
The harpy simulacrum freezes you!
You die...

.........###..........#
......5...#.......∩.∩.#
......Z##....##.......#
#....Z# ##.Z#####....##
#..... ##ZZ#≈#.#..##
##... ##≈≈≈≈≈##### #...
#≈≈≈≈≈≈≈# #..
####≈≈≈≈≈# ..#
##.####≈#@# #...###.Z##
#.....## ##.....#
#.....# #.......#
#........# #.......##
#......##


You could see a death yak simulacrum, a harpy simulacrum and 2 naga simulacra.

Vanquished Creatures
  3 hydras
  Pikel (D:6)
  A manticore (Lair:3)
  A black mamba (Lair:1)
  5 cane toads
  A torpor snail (Lair:3)
  2 komodo dragons (Lair:4)
  A freezing wraith (IceCv)
  2 ice devils (Lair:4)
  A wind drake (Lair:3)
  8 blink frogs (Lair:1)
  Sigmund (D:4)
  A wraith (D:9)
  Eustachio (D:5)
  A wyvern (D:8)
  35 yaks
  2 nagas (Lair:2)
  A water moccasin (Lair:2)
  An orc warrior (D:8)
  A sky beast (D:6)
  3 black bears (D:7)
  2 ice beasts
  2 necrophages
  7 wolves
  An ogre (D:5)
  A lemure (D:6)
  7 bullfrogs
  4 kobold brigands
  A wyvern zombie (D:7)
  2 scorpions
  2 cane toad simulacra (IceCv)
  A two-headed ogre simulacrum (IceCv)
  5 wights
  5 killer bees (D:7)
  A vampire bat (D:4)
  4 crimson imps (D:4)
  A bullfrog zombie (D:6)
  2 centaur zombies (D:9)
  2 orc priests (D:6)
  2 centaur skeletons
  3 hounds
  5 jellies
  3 iguanas
  2 orc wizards (D:7)
  Ijyb (D:3)
  3 polar bear simulacra (IceCv)
  3 wolf simulacra (IceCv)
  2 hound skeletons
  A howler monkey zombie (D:9)
  8 adders
  A howler monkey skeleton (D:6)
  3 shadow imps
  3 white imps
  An adder zombie (D:5)
  2 worms
  2 dart slugs
  17 orcs
  8 ball pythons
  3 endoplasms
  2 giant cockroaches (D:4)
  5 goblins
  10 hobgoblins
  24 kobolds
  4 quokkas
  8 bats (D:4)
  4 rats
253 creatures vanquished.

Vanquished Creatures (others)
  28 fungi
  20 plants
48 creatures vanquished.

Grand Total: 301 creatures vanquished

Notes
Turn   | Place    | Note
-------+----------+-------------------------------------------
     0 | D:5      | spaghetti the Octopode Delver began the quest for the Orb.
     0 | D:5      | Reached XP level 1. HP: 16/16 MP: 1/1
    11 | D:6      | Found a staircase to the Ecumenical Temple.
    16 | D:6      | Noticed a hound
    20 | Temple   | Entered the Ecumenical Temple
   235 | Temple   | Became a worshipper of Warmaster Okawaru
   280 | D:5      | Noticed a jelly
   282 | D:5      | Noticed an ogre
   287 | D:5      | Noticed an iguana
   296 | D:5      | Found Ypsyxt's Lightly-Used Armoury.
   314 | D:5      | Noticed a jelly
   562 | D:5      | Noticed an iguana
   605 | D:4      | Noticed a vampire bat
   649 | D:4      | Reached skill level 7 in Stealth
   719 | D:2      | Reached XP level 2. HP: 21/21 MP: 2/2
  1182 | D:2      | Reached XP level 3. HP: 26/26 MP: 3/3
  1187 | D:2      | Reached skill level 1 in Throwing
  1187 | D:2      | Reached skill level 8 in Stealth
  1471 | D:2      | Reached XP level 4. HP: 31/31 MP: 4/4
  1978 | D:3      | Noticed Ijyb
  2378 | D:3      | Reached XP level 5. HP: 36/36 MP: 5/5
  2433 | D:3      | Killed Ijyb
  3209 | D:4      | Found a shimmering altar of Xom.
  3222 | D:4      | Reached * piety under Okawaru
  3223 | D:4      | Reached skill level 9 in Stealth
  3232 | D:4      | Reached XP level 6. HP: 37/42 MP: 6/6
  3590 | D:4      | Noticed Sigmund
  3612 | D:4      | Gained mutation: You are weak. (Str -2) [potion of
                  | mutation]
  3612 | D:4      | Gained mutation: You expend magic power (3 MP) to
                  | strengthen your wands. [potion of mutation]
  3612 | D:4      | Gained mutation: Your spells are a little harder to cast,
                  | but a little more powerful. [potion of mutation]
  3626 | D:4      | Killed Sigmund
  3627 | D:4      | Reached XP level 7. HP: 46/46 MP: 7/7
  3829 | D:5      | Reached skill level 10 in Stealth
  3964 | D:5      | Bought a -2 triple crossbow for 1 gold piece
  4018 | D:5      | Noticed Eustachio
  4023 | D:5      | Killed Eustachio
  4023 | D:5      | Reached ** piety under Okawaru
  4089 | D:5      | Reached XP level 8. HP: 52/52 MP: 8/8
  4096 | D:5      | Reached skill level 5 in Throwing
  4121 | D:5      | Found a burning altar of Makhleb.
  4441 | D:5      | Found a shadowy altar of Dithmenos.
  4449 | D:5      | Reached skill level 5 in Dodging
  4649 | D:6      | Found a white marble altar of Elyvilon.
  4691 | D:6      | Reached skill level 11 in Stealth
  5008 | D:6      | Noticed Pikel
  5056 | D:7      | Reached *** piety under Okawaru
  5091 | D:7      | Found a hide-covered altar of Uskayaw.
  5252 | D:7      | Reached XP level 9. HP: 59/59 MP: 9/9
  5267 | D:7      | Reached skill level 5 in Fighting
  5267 | D:7      | Reached skill level 12 in Stealth
  5295 | D:7      | You fall into a shaft and drop 3 floors!
  5295 | D:10     | Entered Level 10 of the Dungeon
  6037 | D:9      | Reached **** piety under Okawaru
  6392 | D:9      | Received a gift from Okawaru
  6498 | D:9      | Reached skill level 13 in Stealth
  6532 | D:9      | Found an ornate altar of the Wu Jian Council.
  6826 | D:8      | Noticed a two-headed ogre
  7350 | D:7      | Found a faded altar of an unknown god.
  7350 | D:7      | Found a faded altar of an unknown god.
  7350 | D:7      | Found a faded altar of an unknown god.
  7352 | D:7      | Found a hazy altar of Hepliaklqana.
  7419 | D:7      | Reached XP level 10. HP: 64/69 MP: 10/10
  7929 | D:8      | Noticed Joseph
  8268 | D:8      | Banished a two-headed ogre
  8269 | D:8      | Reached skill level 1 in Invocations
  8299 | D:8      | Banished Joseph
  8300 | D:8      | Reached skill level 14 in Stealth
  8695 | D:6      | Killed Pikel
  8883 | D:6      | Found a bloodstained altar of Trog.
  9265 | D:8      | Found a sacrificial altar of Ru.
  9655 | D:8      | Received a gift from Okawaru
  9663 | D:8      | Reached XP level 11. HP: 77/77 MP: 12/14
  9723 | D:8      | Found a staircase to the Lair.
  9772 | D:8      | Found a shimmering blue altar of Sif Muna.
 10041 | Lair:1   | Entered Level 1 of the Lair of Beasts
 10477 | Lair:1   | Reached ***** piety under Okawaru
 10478 | Lair:1   | Reached skill level 5 in Invocations
 10482 | Lair:1   | Noticed a six-headed hydra
 10493 | Lair:1   | Killed a six-headed hydra
 10493 | Lair:1   | Received a gift from Okawaru
 10852 | Lair:1   | Received a gift from Okawaru
 10910 | Lair:1   | Noticed a five-headed hydra
 11274 | Lair:1   | Banished a five-headed hydra
 11883 | Lair:1   | Received a gift from Okawaru
 11888 | Lair:1   | Reached skill level 10 in Dodging
 12225 | Lair:1   | Noticed a seven-headed hydra
 12231 | Lair:1   | Killed a seven-headed hydra
 12525 | Lair:2   | Reached XP level 12. HP: 68/86 MP: 15/17
 13534 | Lair:2   | Noticed Erica
 13549 | Lair:2   | Banished Erica
 13592 | Lair:2   | Received a gift from Okawaru
 13617 | Lair:2   | Reached skill level 10 in Fighting
 13697 | Lair:2   | Found a staircase to the Snake Pit.
 14059 | Lair:2   | Found a sparkling altar of Nemelex Xobeh.
 15634 | Lair:3   | Found a staircase to the Shoals.
 16177 | Lair:3   | Noticed a catoblepas
 16184 | Lair:3   | Banished a catoblepas
 16608 | Lair:3   | Noticed a four-headed hydra
 16617 | Lair:3   | Banished a four-headed hydra
 17223 | Lair:4   | Noticed a four-headed hydra
 17230 | Lair:4   | Killed a four-headed hydra
 17447 | Lair:4   | Found a frozen archway.
 17476 | Lair:4   | Reached XP level 13. HP: 28/95 MP: 16/19
 17479 | Lair:4   | Received a gift from Okawaru
 17486 | IceCv    | Entered an ice cave
 18586 | IceCv    | Mangled by a harpy simulacrum

Illustrated notes

Levels and vault maps discovered:
D:2:      cheibrodos_greedy_goblins, layout_basic
D:3:      layout_rooms, uniq_ijyb
D:4:      cheibrodos_helix_gallery, layout_layer_cave, led_xom_imps,
          chequers_serial_rivers_small_a, roderic_batcave, uniq_sigmund
D:5:      layout_cave_pools, makhleb_heckhound_becter, grunt_dithmenos_shadows,
          chequers_serial_rivers_small_b, chequers_serial_rivers_small_3,
          serial_bayou_pond_e, minmay_shop_damaged, minivault_4, uniq_eustachio
D:6:      layout_basic, general_overflow_altar, elyvilon_altar_4,
          minmay_temple_entry_statues_pillars, nicolae_figureground_sparkle,
          uniq_pikel
D:7:      layout_basic, nicolae_hepliaklqana_ecumenical_no_more,
          lemuel_tele_altar, chequers_serial_rivers_micro_d, hex_medium,
          dk_noncrumbling_2
D:8:      layout_basic, led_sif_pool, mainiacjoe_overflow_24_doors,
          grunt_lair_entry_orc_guard_hut, minmay_sticks_and_stones
D:9:      layout_basic, mainiacjoe_overflow_boulevard, lemuel_crystal_altar
D:10:     layout_grid_maze, orc_0_dummy
Temple:   minmay_temple_curvy_loop
Lair:1:   layout_cave_pods, fungi_pond_lemuel
Lair:2:   layout_chaotic_city, guppyfry_snake_entry_island, basic_altar,
          chequers_serial_rivers_small_a, uniq_erica
Lair:3:   layout_roguey, minmay_shoals_entry_beasts, serial_rivers,
          chequers_serial_rivers_micro_b, chequers_serial_rivers_micro_c,
          chequers_serial_rivers_large_b, chequers_serial_rivers_small_b,
          chequers_serial_rivers_micro_c, chequers_serial_rivers_large_a
Lair:4:   layout_roguey, portal_ice_cave_demonic_guard, eino_house_with_fridge
IceCv:    ice_cave_small_necro

Skill      XL: |  1  2  3  4  5  6  7  8  9 10 11 12 13 |
---------------+----------------------------------------+-----
Stealth        | 7 8 9 10 11 13 14 | 14.0
Throwing       | 1 2 3 4 5 6 8 |  8.0
Dodging        | 3 4 6 7 9 10 11 12 | 12.1
Fighting       | 4 6 8 9 11 | 11.4
Invocations    | 4 6 9 |  9.0
Long Blades    | |  2.0

Action                   |  1- 3 |  4- 6 |  7- 9 | 10-12 | 13-15 || total
-------------------------+-------+-------+-------+-------+-------++-------
Melee: Falchion          |    40 |    55 |       |       |       ||    95
       Tentacles         |    11 |    22 |    69 |   148 |    16 ||   266
       Constrict         |     9 |    28 |    33 |    52 |     7 ||   129
       Dagger            |       |    57 |   132 |   512 |    37 ||   738
       Punch             |       |     4 |     3 |    10 |     1 ||    18
       Short sword       |       |       |   114 |       |       ||   114
Throw: Dart              |       |       |    31 |    48 |     1 ||    80
       Boomerang         |       |       |     2 |       |       ||     2
       Throwing net      |       |       |     1 |     1 |       ||     2
       Javelin           |       |       |       |    23 |       ||    23
Invok: Heroism           |       |       |     1 |    11 |     1 ||    13
Evoke: Wand              |       |       |       |     5 |     1 ||     6
  Use: Scroll            |     4 |       |     4 |     8 |       ||    16
       Potion            |     1 |     3 |     3 |     5 |     1 ||    13
 Stab: Sleeping          |     8 |     9 |    22 |    14 |     2 ||    55
       Confused          |       |       |     1 |       |       ||     1
       Petrifying        |       |       |       |     1 |       ||     1
       Distracted        |       |       |       |     1 |       ||     1
Armor: Skin              |     6 |    32 |    47 |    38 |     8 ||   131
Dodge: Dodged            |    39 |   152 |   192 |   528 |    46 ||   957
Block: Buckler           |       |       |     2 |   101 |     8 ||   111
